 Dungeon Crawl Stone Soup version 0.30-a0-170-g85af917532 (webtiles) character file.

Game seed: 7080852084347860627

18910 Sobieck the Slicer (level 13, -6/78 HPs)
             Began as a Kobold Gladiator on Sept 29, 2022.
             Was a Believer of Uskayaw.
             Mangled by Rupert
             ... wielding a +2 battleaxe of flaming
              (29 damage)
             ... on level 3 of the Lair of Beasts on Sept 30, 2022.
             The game lasted 00:39:52 (13410 turns).

Sobieck the Slicer (Kobold Gladiator)              Turns: 13410, Time: 00:39:52

Health: -6/78      AC: 12    Str: 12    XL:     13   Next: 0%
Magic:  18/18      EV: 27    Int:  9    God:    Uskayaw [**....]
Gold:   211        SH:  0    Dex: 27    Spells: 12/12 levels left

rFire   . . .      SeeInvis +    a - +2 rapier (freeze) {short}
rCold   . . .      Faith    .    (no shield)
rNeg    . . .      Spirit   .    b - +0 leather armour
rPois   .          Reflect  .    v - +2 helmet {SInv}
rElec   .          Harm     .    l - +2 cloak
rCorr   .          Rampage  .    i - +1 pair of gloves
Will    .....                    (no boots)
Stlth   +++++++...               B - amulet of regeneration {@e2}
HPRegen 1.03/turn                t - +6 ring of dexterity
MPRegen 0.16/turn                Y - +4 ring of slaying

@: hasted, invisible, very quick
A: small, no large weapons, nightstalker 3
a: Renounce Religion, Stomp, Line Pass


You were on level 3 of the Lair of Beasts.
You worshipped Uskayaw.
Uskayaw was noncommittal.
You visited 3 branches of the dungeon, and saw 14 of its levels.

You collected 802 gold pieces.
You spent 591 gold pieces at shops.


Innate Abilities, Weirdness & Mutations

You are small and have problems with some larger weapons.
You are completely attuned to the shadows.


   Skills:
 + Level 8.0 Fighting
 - Level 14.0 Short Blades
 - Level 2.1 Throwing
 - Level 5.0 Armour
 + Level 12.3 Dodging
 + Level 12.8 Stealth
 + Level 7.3 Invocations
 - Level 2.0 Evocations


You had 12 spell levels left.
You didn't know any spells.
Your spell library contained the following spells:

 Spells                   Type           Power      Damage    Failure   Level
 Shock                    Conj/Air       0%         1d3       45%         1
 Blink                    Tloc           0%         N/A       61%         2
 Sublimation of Blood     Necr           0%         N/A       61%         2
 Swiftness                Air            0%         N/A       83%         3
 Airstrike                Air            0%         2d(0-16)  99%         4
 Animate Dead             Necr           0%         N/A       99%         4
 Manifold Assault         Tloc           0%         N/A       99%         4
 Petrify                  Tmut/Erth      0%         N/A       99%         4
 Irradiate                Conj/Tmut      0%         3d11      100%        5
 Haunt                    Necr/Summ      0%         N/A       100%        7
 Storm Form               Tmut/Air       0%         N/A       100%        7
 Infestation              Necr           0%         N/A       100%        8

Inventory:

Hand Weapons
 a - a +2 rapier of freezing (weapon) {short}
 h - a +0 dagger of venom {short}
   (You took it off a goblin on level 1 of the Dungeon)
 A - a +0 vorpal rapier {short}
   (You took it off Eustachio on level 6 of the Dungeon)
 N - a +4 long sword {long}
   (You took it off a wight on level 5 of the Dungeon)
Missiles
 d - 5 throwing nets (quivered) {=f!fthrowing}
 e - 7 boomerangs {throwing}
 f - 137 stones {throwing}
 j - 43 poisoned darts {throwing}
 q - 2 silver boomerangs {throwing}
 T - a curare-tipped dart {=fthrowing}
Armour
 b - a +0 leather armour (worn)
 c - a +0 helmet
 i - a +1 pair of gloves (worn)
   (You found it on level 7 of the Dungeon)
 l - a +2 cloak (worn)
   (You found it on level 1 of the Dungeon)
 r - a +0 crystal plate armour {rare=g}
   (You found it on level 4 of the Dungeon)
 v - a +2 helmet of see invisible (worn)
   (You found it on level 9 of the Dungeon)
Magical Staves
 m - a staff of earth {!astaff}
   (You found it on level 1 of the Dungeon)
 Q - a staff of cold {!astaff}
   (You found it on level 1 of the Lair of Beasts)
Jewellery
 g - a ring of flight
   (You found it on level 4 of the Dungeon)
 t - a +6 ring of dexterity (left hand)
   (You found it on level 2 of the Dungeon)
 y - a ring of ice
   (You took it off a goblin on level 2 of the Dungeon)
 B - an amulet of regeneration (around neck) {@e2}
   (You found it on level 3 of the Dungeon)
 O - an amulet of the acrobat
   (You found it on level 1 of the Lair of Beasts)
 Y - a +4 ring of slaying (right hand)
   (You found it on level 4 of the Dungeon)
 Z - a ring of protection from fire
   (You found it on level 4 of the Dungeon)
Wands
 k - a wand of polymorph (24)
   (You found it on level 8 of the Dungeon)
 w - a wand of flame (11)
   (You took it off Robin on level 2 of the Dungeon)
 x - a wand of roots (15)
   (You found it on level 4 of the Dungeon)
 D - a wand of acid (13)
   (You found it on level 3 of the Dungeon)
 M - a wand of paralysis (13)
   (You took it off an orc on level 8 of the Dungeon)
Scrolls
 n - 2 scrolls of vulnerability {!r!r}
 u - 3 scrolls of magic mapping {!r}
 H - 2 scrolls of butterflies
 J - 3 scrolls of silence {!r}
 L - 5 scrolls of teleportation {@r4}
 P - 4 scrolls of identify {@r1}
 U - 3 scrolls of fear
 W - a scroll of poison {!r}
Potions
 p - 5 potions of degeneration {!q@e2}
 s - 7 potions of curing {@q1}
 z - a potion of brilliance
 C - a potion of attraction {!q}
 E - 6 potions of heal wounds {@q2}
 F - a potion of cancellation
 G - 2 potions of lignification {!q}
 I - 2 potions of berserk rage {!q}
 K - 5 potions of flight
 R - 2 potions of magic
 S - 4 potions of mutation {!q}
 V - a potion of might
 X - 2 potions of haste {@q3}

Dungeon Overview and Level Annotations

Branches:
Dungeon (10/15) Zot: 26769  Temple (1/1) D:4 Zot: 5985    Lair (3/5) D:8 Zot: 15943
 Shoals (0/4) Lair:3        Snake (0/4) Lair:3
    Orc: D:9-12

Altars:
Ashenzari
Cheibriados
Dithmenos
Elyvilon
Fedhas
Gozag
Hepliaklqana
Kikubaaqudgha
Makhleb
Nemelex Xobeh
Okawaru
Sif Muna
Trog
Uskayaw
Vehumet
Wu Jian
Xom
Yredelemnul
Zin
The Shining One

Shops:
D:4 *?((   D:5 :   D:8 !

Annotations:
Lair:3 Rupert

#...#........####.#.P...
.#.##..รทรท....#
#.###.#. ##..#.......##
### .. ##..#.......##
.#......<....# #..
###.........## #...
###.......# ##..P.
###P...#####.@.## ###.##
#..@.YN. #..####.).....
##..##..........
#.........>.....
#..###..........
#..##.#.)...).#
#P..###.......#
##...####...###
...............


You could see Rupert (berserk, unable to see you), a catoblepas (unable to see
you) and a naga (fleeing).


Message History

You closely miss the komodo dragon. The water moccasin bites you.
You hit the komodo dragon. You freeze the komodo dragon.
The komodo dragon bites you!
The snapping turtle completely misses you.
You closely miss the komodo dragon.
The water moccasin completely misses you.
You puncture the komodo dragon!
The komodo dragon seems to slow down.
You freeze the komodo dragon.
You kill the komodo dragon!
The snapping turtle closely misses you. The water moccasin misses you.
You puncture the water moccasin!
The water moccasin seems to slow down.
You freeze the water moccasin!
Uskayaw will force your foes to helplessly watch your dance.
Uskayaw prepares the audience for your solo!
The helpless water moccasin fails to defend itself.
You spit the water moccasin like a pig!!!!
You freeze the water moccasin.
You kill the water moccasin!
The helpless snapping turtle fails to defend itself.
You spit the snapping turtle like a pig!!!!
You freeze the snapping turtle!!
You kill the snapping turtle!
Uskayaw will force your foes to share their pain.
Your Fighting skill increases to level 8!
No target in view!
Unknown command.
You see here a snapping turtle corpse.
n - 2 scrolls of vulnerability {!r!r} (gained 1) Unknown command.
Unknown command.
You start resting.
Unknown command.
Unknown command.
Unknown command.
Unknown command.
There is an open door, spattered with blood here.
You now have 211 gold pieces (gained 5).
You open the door.
There is an open door here.
s - 8 potions of curing {@q1} (gained 1)
A naga comes into view. It is wielding a +0 trident.
Danger!
A naga comes into view. It is wielding a +0 trident.
Found a staircase to the Snake Pit.
Unknown command.
The helpless naga fails to defend itself.
You spit the naga like a pig!!!! You freeze the naga!
You kill the naga!
Training target 5.0 for Armour reached!
Your Armour skill increases to level 5!
The helpless naga fails to defend itself.
You skewer the naga like a kebab!!!!! You freeze the naga.
You kill the naga!
You can now pass through a line of other dancers.
Unknown command. 2 nagas come into view.
Danger!
Rupert the Wild comes into view.
He is wielding a +2 battleaxe of flaming.
The helpless naga fails to defend itself.
You spit the naga like a pig!!!!! You freeze the naga!
You kill the naga!
Uskayaw will force your foes to helplessly watch your dance.
Uskayaw prepares the audience for your solo!
You have reached level 13!
Rupert is no longer paralysed.
Things that are here:
a +0 dire flail {mace}; a naga corpse Rupert shouts!
You hear a bellow!
Rupert roars wildly at you.
You suddenly lose the ability to move!
The naga is no longer paralysed.
Rupert roars wildly at you.
You are confused.
Rupert hits you with a +2 battleaxe of flaming!!
Rupert burns you!
You can move again.
Unknown command.
Okay, then.
Unknown command.
You feel better.
Rupert roars madly and goes into a rage!
Rupert goes berserk!
A catoblepas comes into view.
Uskayaw will no longer force your foes to helplessly watch your dance.
As you read the scroll of fear, it crumbles to dust.
You assume a fearsome visage.
The naga looks frightened!
Rupert is unaffected.
The catoblepas resists with almost no effort.
Rupert hits you with a +2 battleaxe of flaming!!
* * * LOW HITPOINT WARNING * * *
Rupert burns you!
* * * LOW HITPOINT WARNING * * *
Rupert completely misses you.
Unknown command.
Okay, then.
Unknown command.
You fade into invisibility!
Rupert misses you.
You feel yourself speed up. Rupert misses you.
Rupert hits you with a +2 battleaxe of flaming!!
You die...

Skill      XL: |  1  2  3  4  5  6  7  8  9 10 11 12 |
---------------+-------------------------------------+-----
Short Blades   | 5 6 7 9 10 12 14 | 14.0
Dodging        | 5 7 8 9 11 12 | 12.3
Stealth        | 1 2 4 5 8 11 12 | 12.8
Invocations    | 1 3 4 5 7 |  7.3
Armour         | 1 2 3 5 |  5.0
Fighting       | 3 4 5 6 8 |  8.0
Evocations     | 2 |  2.0
Throwing       | |  2.1

Action                   |  1- 3 |  4- 6 |  7- 9 | 10-12 | 13-15 || total
-------------------------+-------+-------+-------+-------+-------++-------
Melee: Dagger            |    85 |   118 |       |       |       ||   203
       Rapier            |     6 |       |   149 |   475 |       ||   630
       Short sword       |       |    66 |    62 |       |       ||   128
       Punch             |       |       |     1 |     2 |       ||     3
Invok: Line Pass         |       |       |       |    15 |       ||    15
       Stomp             |       |       |       |     5 |       ||     5
Evoke: Wand              |       |       |       |     1 |       ||     1
  Use: Scroll            |       |     9 |     9 |     9 |     1 ||    28
       Potion            |       |     3 |     2 |     2 |     3 ||    10
 Stab: Sleeping          |    10 |     6 |     9 |    49 |       ||    74
       Distracted        |       |     1 |       |     2 |       ||     3
       Invisible         |       |     1 |       |       |       ||     1
       Paralysed         |       |       |     5 |    24 |       ||    29
       Confused          |       |       |       |     6 |       ||     6
Armor: Leather armour    |    20 |    22 |    15 |    38 |       ||    95
Dodge: Dodged            |    57 |   119 |   108 |   357 |     3 ||   644

Levels and vault maps discovered:
D:1:      lemuel_arrival_broad_hall, layout_basic, minmay_misc_feat_encased,
          minmay_misc_feat_secret_circle
D:2:      layout_loops_cross, shapermc_ecumenical_altar_totnotflames,
          basic_altar, uniq_robin
D:3:      layout_rooms, minmay_misc_feat_doors
D:4:      layout_loops_ring, nicolae_wu_jian_wuxing_cycle, lemuel_round_altar,
          minmay_temple_entry_drinking_statues, serial_shops,
          nicolae_lakefront_shop, kennysheep_little_box, nicolae_stop_n_shop_2,
          nicolae_take_the_stairs, minmay_starry_boxes, uniq_sigmund
D:5:      layout_cave_pools, makhleb_grotto_becter, general_overflow_altar,
          serial_shops, nicolae_shop_hallway_stairs, chequers_avenue,
          uniq_crazy_yiuf_cottage
D:6:      layout_basic, palyth_temple_overflow_mages,
          worldfamousw_hep_ancestral_shrine, uniq_edmund, uniq_eustachio,
          uniq_blork_the_orc, uniq_pikel
D:7:      layout_basic, nemelex_diamond_rough_becter, xom_butterflies,
          lemuel_tele_altar
D:8:      minmay_opposing_rooms, layout_loops_corners,
          grunt_lair_entry_orc_guard_hut, serial_shops,
          nicolae_shop_competitors_out_of_business, minmay_circle_x
D:9:      layout_basic, lemuel_coloured_pillars_altar,
          mainiacjoe_overflow_brackets, zin_statuary, skrybe_limestone_x
D:10:     layout_gridville, lemuel_crystal_altar, mainiacjoe_overflow_alcove_1,
          serial_undead, serial_undead_d, serial_undead_b, serial_undead_d,
          serial_undead_c, serial_undead_b, serial_undead_c, serial_undead_a,
          serial_undead_d, nicolae_diode_quadrants, uniq_joseph
Temple:   hellmonk_temple_micro_hex
Lair:1:   cheibrodos_lair_river_kwai, layout_misc_corridors, st_stairs_3,
          grunt_megastairs_1
Lair:2:   layout_long_grid, uniq_urug
Lair:3:   layout_roguey, minmay_shoals_entry_hut,
          minmay_snake_entry_guardpost_small, uniq_rupert

Notes
Turn   | Place    | Note
-------+----------+-------------------------------------------
     0 | D:1      | Sobieck the Kobold Gladiator began the quest for the Orb.
     0 | D:1      | Reached XP level 1. HP: 12/12 MP: 1/1
   302 | D:1      | Reached XP level 2. HP: 17/17 MP: 2/2
   475 | D:1      | Reached skill level 5 in Short Blades
   641 | D:1      | Reached XP level 3. HP: 20/21 MP: 3/3
  1129 | D:2      | Reached skill level 6 in Short Blades
  1283 | D:2      | Found a faded altar of an unknown god.
  1326 | D:2      | Found an iron altar of Okawaru.
  1362 | D:2      | Noticed Robin
  1364 | D:2      | Reached XP level 4. HP: 26/26 MP: 4/4
  1377 | D:2      | Killed Robin
  2193 | D:3      | Reached skill level 7 in Short Blades
  2193 | D:3      | Reached XP level 5. HP: 30/30 MP: 5/5
  2224 | D:2      | Reached skill level 4 in Dodging
  2490 | D:3      | Reached skill level 5 in Dodging
  2581 | D:3      | Reached XP level 6. HP: 32/35 MP: 6/6
  2823 | D:4      | Found Iteruf's Magic Scroll Boutique.
  2867 | D:4      | Bought a scroll of fear for 48 gold pieces
  2867 | D:4      | Bought a scroll of enchant armour for 90 gold pieces
  2867 | D:4      | Bought a scroll of identify for 24 gold pieces
  2915 | D:4      | Found Xef Ziac's Weapon Emporium.
  2983 | D:4      | Found a staircase to the Ecumenical Temple.
  2989 | Temple   | Entered the Ecumenical Temple
  3143 | D:4      | Reached skill level 6 in Dodging
  3153 | D:4      | You pick up a book of Alchemy and begin reading...
  3153 | D:4      | You add the spells Sublimation of Blood, Petrify and
                  | Irradiate to your library.
  3204 | D:4      | Found a hide-covered altar of Uskayaw.
  3225 | D:4      | Became a worshipper of Uskayaw the Reveller
  3237 | D:4      | Reached * piety under Uskayaw
  3257 | D:4      | Noticed Sigmund
  3263 | D:4      | Reached ** piety under Uskayaw
  3266 | D:4      | Killed Sigmund
  3266 | D:4      | Reached *** piety under Uskayaw
  3267 | D:4      | Reached skill level 7 in Dodging
  3267 | D:4      | Reached skill level 1 in Stealth
  3267 | D:4      | Reached XP level 7. HP: 38/40 MP: 7/7
  3269 | D:4      | Identified a +0 crystal plate armour
  3270 | D:4      | r - a +0 crystal plate armour {rare=g}
  3329 | D:4      | Found an ornate altar of the Wu Jian Council.
  3540 | D:4      | Reached skill level 1 in Invocations
  3714 | D:4      | Found Zuruc's Weapon Emporium.
  3735 | D:4      | Found Vynobeg's Assorted Antiques.
  3773 | D:5      | Entered Level 5 of the Dungeon
  3775 | D:5      | Reached skill level 2 in Stealth
  3806 | D:5      | Reached skill level 1 in Armour
  3889 | D:5      | Found Kix Josi's Book Emporium.
  3903 | D:5      | Reached skill level 3 in Fighting
  3903 | D:5      | Reached XP level 8. HP: 42/46 MP: 9/9
  4003 | D:5      | You add the spells Blink, Manifold Assault and Storm Form
                  | to your library.
  4021 | D:5      | Found a bloodstained altar of Trog.
  4098 | D:5      | Reached skill level 8 in Short Blades
  4183 | D:5      | Reached skill level 3 in Stealth
  4183 | D:5      | Reached skill level 2 in Invocations
  4422 | D:5      | Found a burning altar of Makhleb.
  4578 | D:5      | HP: 8/41 [wight/+4 great sword of freezing (3)]
  4585 | D:5      | Reached **** piety under Uskayaw
  4591 | D:5      | HP: 4/43 [wight/+4 falchion of draining (13)]
  4781 | D:5      | Found a runed translucent door.
  4784 | D:5      | Noticed Crazy Yiuf
  4953 | D:6      | Reached skill level 2 in Armour
  4968 | D:6      | Reached skill level 4 in Stealth
  5104 | D:6      | Reached skill level 3 in Invocations
  5122 | D:6      | HP: 12/48 [steam dragon] (2)]
  5123 | D:6      | HP: 5/48 [something (7)]
  5124 | D:6      | Reached skill level 4 in Fighting
  5124 | D:6      | Reached skill level 9 in Short Blades
  5124 | D:6      | Reached XP level 9. HP: 6/52 MP: 11/11
  5255 | D:6      | Reached skill level 8 in Dodging
  5680 | D:6      | Found a shimmering blue altar of Sif Muna.
  5689 | D:6      | Found an ancient bone altar of Kikubaaqudgha.
  5698 | D:6      | Found a radiant altar of Vehumet.
  5705 | D:6      | Reached skill level 5 in Stealth
  5727 | D:6      | Noticed Eustachio
  5784 | D:6      | Killed Eustachio
  5792 | D:6      | Noticed Blork the orc
  5794 | D:6      | Killed Blork the orc
  5795 | D:6      | Reached skill level 10 in Short Blades
  5829 | D:6      | Noticed Pikel
  5853 | D:6      | Killed Pikel
  5854 | D:6      | Reached skill level 5 in Fighting
  5854 | D:6      | Reached skill level 3 in Armour
  5854 | D:6      | Reached skill level 4 in Invocations
  5894 | D:6      | Reached XP level 10. HP: 59/59 MP: 13/13
  5898 | D:6      | Found a hazy altar of Hepliaklqana.
  6205 | D:6      | Noticed Edmund
  6491 | D:5      | Killed Crazy Yiuf
  6492 | D:5      | Reached skill level 6 in Stealth
  6736 | D:6      | Upgraded the game from 0.30-a0-168-g0b976cbdc4 to
                  | 0.30-a0-170-g85af917532
  6911 | D:6      | Killed Edmund
  6944 | D:7      | Reached skill level 5 in Invocations
  7098 | D:6      | Reached skill level 11 in Short Blades
  7149 | D:7      | Reached skill level 9 in Dodging
  7336 | D:7      | Found a shimmering altar of Xom.
  7543 | D:7      | Found a sparkling altar of Nemelex Xobeh.
  7906 | D:7      | Reached skill level 7 in Stealth
  8063 | D:7      | You drop a +0 crystal plate armour {rare=g}.
  8081 | D:7      | r - a +0 crystal plate armour {rare=g}
  8170 | D:7      | Found a basalt altar of Yredelemnul.
  8383 | D:8      | Reached skill level 6 in Fighting
  8422 | D:8      | Noticed a deep elf pyromancer
  8426 | D:8      | Killed a deep elf pyromancer
  8427 | D:8      | Reached skill level 12 in Short Blades
  8545 | D:8      | Found a staircase to the Lair.
  8699 | D:8      | Noticed a two-headed ogre
  8703 | D:8      | Killed a two-headed ogre
  8704 | D:8      | Reached skill level 8 in Stealth
  8704 | D:8      | Reached XP level 11. HP: 64/64 MP: 14/14
  8824 | D:8      | Reached skill level 10 in Dodging
  8832 | D:8      | Reached ***** piety under Uskayaw
  8837 | D:8      | Reached skill level 13 in Short Blades
  8840 | D:8      | Reached ****** piety under Uskayaw
  9103 | D:8      | Reached skill level 9 in Stealth
  9542 | D:8      | Found Zesk's Distillery.
  9554 | D:8      | Bought a potion of heal wounds for 65 gold pieces
  9554 | D:8      | Bought a potion of berserk rage for 65 gold pieces
  9554 | D:8      | Bought a potion of magic for 104 gold pieces
  9554 | D:8      | Bought a potion of heal wounds for 65 gold pieces
  9760 | D:9      | Reached skill level 14 in Short Blades
  9862 | D:9      | You pick up a book of Air and begin reading...
  9862 | D:9      | You add the spells Shock, Swiftness and Airstrike to your
                  | library.
 10057 | D:9      | Reached skill level 10 in Stealth
 10114 | D:9      | Noticed a two-headed ogre
 10116 | D:9      | Killed a two-headed ogre
 10117 | D:9      | Reached skill level 11 in Dodging
 10209 | D:9      | Found a glowing silver altar of Zin.
 10547 | D:9      | Found a broken altar of Ashenzari.
 10681 | D:8      | Bought a potion of haste for 130 gold pieces
 11016 | D:9      | Found a snail-covered altar of Cheibriados.
 11035 | D:10     | Entered Level 10 of the Dungeon
 11043 | D:10     | You pick up a book of Death and begin reading...
 11043 | D:10     | You add the spells Animate Dead, Haunt and Infestation to
                  | your library.
 11050 | D:10     | Reached skill level 11 in Stealth
 11058 | D:10     | Reached skill level 1 in Evocations
 11194 | D:9      | Reached skill level 2 in Evocations
 11294 | Lair:1   | Entered Level 1 of the Lair of Beasts
 11334 | Lair:1   | Reached XP level 12. HP: 71/71 MP: 16/16
 11651 | Lair:1   | Noticed a five-headed hydra
 11656 | Lair:1   | Killed a five-headed hydra
 11657 | Lair:1   | Reached skill level 7 in Fighting
 11657 | Lair:1   | Reached skill level 4 in Armour
 11657 | Lair:1   | Reached skill level 6 in Invocations
 11900 | Lair:1   | Reached skill level 12 in Stealth
 12339 | Lair:2   | Noticed Urug
 12351 | Lair:2   | Killed Urug
 12352 | Lair:2   | HP: 12/72 [komodo dragon (19)]
 12488 | Lair:2   | Reached skill level 12 in Dodging
 13008 | Lair:2   | Reached skill level 7 in Invocations
 13292 | Lair:3   | Found a staircase to the Shoals.
 13308 | Lair:3   | Reached skill level 8 in Fighting
 13392 | Lair:3   | Found a staircase to the Snake Pit.
 13395 | Lair:3   | Reached skill level 5 in Armour
 13400 | Lair:3   | Noticed Rupert
 13403 | Lair:3   | Reached XP level 13. HP: 78/78 MP: 18/18
 13404 | Lair:3   | Paralysed by Rupert for 3 turns
 13407 | Lair:3   | Noticed a catoblepas
 13410 | Lair:3   | Mangled by Rupert

Vanquished Creatures
  A hydra (Lair:1)
  2 two-headed ogres
  Urug (Lair:2)
  Pikel (D:6)
  A deep elf pyromancer (D:8)
  3 centaur zombies (D:10)
  A black mamba (Lair:1)
  3 cane toads
  An unseen horror (D:8)
  An unseen horror zombie (D:10)
  3 komodo dragons
  3 polar bears
  16 blink frogs
  A snapping turtle (Lair:3)
  A shadow (D:10)
  Sigmund (D:4)
  2 wyverns (D:8)
  A wraith (D:8)
  Eustachio (D:6)
  2 vampires
  5 yaks (D:8)
  2 steam dragons
  Edmund (D:6)
  3 nagas (Lair:3)
  2 acid dragons (D:8)
  6 water moccasins
  4 orc warriors
  3 sky beasts (D:6)
  A black bear (D:8)
  4 wolves (Lair:1)
  2 centaurs
  2 lemures (D:6)
  3 phantoms
  4 kobold brigands
  Blork the orc (D:6)
  8 bullfrogs
  2 necrophages (D:4)
  2 scorpions
  22 wights
  14 killer bees
  3 howler monkeys
  An electric eel (Lair:3)
  A crimson imp (D:5)
  2 hounds (D:5)
  A jelly (D:4)
  Crazy Yiuf (D:5)
  3 orc priests
  A gnoll bouda (D:3)
  3 iguanas
  11 orc wizards
  Robin (D:2)
  A howler monkey zombie (D:10)
  7 gnolls
  6 adders
  2 ufetubi (D:6)
  A worm (D:3)
  3 dart slugs
  31 orcs
  4 endoplasms
  2 giant cockroaches
  8 hobgoblins
  7 jackals
  29 kobolds
  A quokka (D:5)
  2 ball pythons
  6 bats
  2 frilled lizards
  14 goblins
  7 rats
298 creatures vanquished.

Vanquished Creatures (others)
  10 fungi
  12 plants
  3 withered plants (D:10)
25 creatures vanquished.

Grand Total: 323 creatures vanquished

Table legend:
 A = Non-vault XP
 B = Vault XP
 C = Vault XP percentage of total XP
 D = Non-vault monster count
 E = Vault monster count
 F = Vault count percentage of total count
                 A         B        C        D         E       F
            +---------+---------+-------+---------+---------+-------
      Total |   17284 |    9731 |  36.0 |     235 |      61 |  20.6
            +---------+---------+-------+---------+---------+-------
        D:1 |      36 |       0 |   0.0 |      22 |       0 |   0.0
        D:2 |      69 |      34 |  33.0 |      19 |      11 |  36.7
        D:3 |     176 |       0 |   0.0 |      28 |       0 |   0.0
        D:4 |     250 |     293 |  54.0 |      14 |       2 |  12.5
        D:5 |     805 |      90 |  10.1 |      20 |       2 |   9.1
        D:6 |    1470 |    1296 |  46.9 |      26 |       7 |  21.2
        D:7 |    1041 |       0 |   0.0 |      22 |       0 |   0.0
        D:8 |    2718 |    2356 |  46.4 |      13 |      20 |  60.6
        D:9 |    1918 |     225 |  10.5 |      29 |       1 |   3.3
       D:10 |     434 |    1760 |  80.2 |       6 |       7 |  53.8
     Lair:1 |    2446 |    2122 |  46.5 |      13 |       6 |  31.6
     Lair:2 |    4572 |     792 |  14.8 |      17 |       1 |   5.6
     Lair:3 |    1349 |     763 |  36.1 |       6 |       4 |  40.0
            +---------+---------+-------+---------+---------+-------

Illustrated notes

Table legend:
 A = Kills in this place as a percentage of kills in entire the game.
 B = Kills by you in this place as a percentage of kills by you in the entire game.
 C = Kills by friends in this place as a percentage of kills by friends in the entire game.
 D = Other kills in this place as a percentage of other kills in the entire game.
 E = Experience gained in this place as a percentage of experience gained in the entire game.
 F = Experience gained in this place divided by the number of levels of this place that you have seen.
                   A       B       C       D       E      F
               +-------+-------+-------+-------+-------+----------------------
         Total | 100.0 | 100.0 |   N/A |   N/A | 100.0 | 1929.6
       Dungeon |  84.1 |  84.1 |   N/A |   N/A |  55.4 | 1497.1
          Lair |  15.9 |  15.9 |   N/A |   N/A |  44.6 | 4014.7
               +-------+-------+-------+-------+-------+----------------------

Table legend: (Time is in decaauts)
 A = Elapsed time spent in this place.
 B = Non-inter-level travel time spent in this place.
 C = Inter-level travel time spent in this place.
 D = Time resting spent in this place.
 E = Time spent auto-exploring this place.
 F = Levels seen in this place.
 G = Mean time per level.
                   A        B        C        D        E       F      G
               +--------+--------+--------+--------+--------+-----+--------+
         Total |  13013 |  12169 |    844 |    796 |   8074 |  14 |  929.5 |
       Dungeon |  10943 |  10131 |    812 |    622 |   7135 |  10 | 1094.3 |
        Temple |     14 |     10 |      4 |      0 |      1 |   1 |   14.0 |
          Lair |   2055 |   2028 |     27 |    174 |    938 |   3 |  685.0 |
               +--------+--------+--------+--------+--------+-----+--------+

Top non-repeatable levels by time:
     D:6: 1864 daAuts
     D:8: 1540 daAuts
     D:5: 1304 daAuts
     D:9: 1304 daAuts
     D:7: 1118 daAuts
     D:1: 1073 daAuts
     D:2: 997 daAuts
  Lair:1: 936 daAuts
     D:4: 928 daAuts
  Lair:2: 797 daAuts
     D:3: 701 daAuts
  Lair:3: 321 daAuts
    D:10: 110 daAuts
  Temple: 14 daAuts
